 Dungeon Crawl Stone Soup version 0.21.0-37-g46506fa (webtiles) character file.

81 wojtek the Ducker (level 4, 11/21 HPs)
             Began as a Felid Chaos Knight on Feb 1, 2018.
             Quit the game on level 3 of the Dungeon.
             The game lasted 00:06:38 (2805 turns).

wojtek the Ducker (Felid Chaos Knight)              Turns: 2805, Time: 00:06:38

Health: 11/21      AC:  1    Str:  8    XL:     4   Next: 20%
Magic:  5/5        EV: 21    Int: 15    God:    Xom [*.....]
Gold:   131        SH:  0    Dex: 15    Spells: 3/3 levels left
                                        Lives:  0   Deaths: 1

rFire    + . .     SeeInvis +     - Unarmed
rCold    . . .     Gourm    .   (shield unavailable)
rNeg     . . .     Faith    .   (armour unavailable)
rPois    .         Spirit   .   (helmet unavailable)
rElec    .         Reflect  .   (cloak unavailable)
rCorr    .         Harm     .   (gloves unavailable)
MR       .....                  (boots unavailable)
Stlth    +++.......             (no amulet)
HPRegen  0.07/turn              (no ring)
MPRegen  0.09/turn              (no ring)

@: quick
A: very small, no armour, no weapons or thrown items, stealth, claws 1, fangs 3,
horns 1, camouflage 1, see invisible, carnivore, fire resistance 1, speed 1,
shaggy fur 1, slow metabolism 1, sharp paws
a: Renounce Religion


You were on level 3 of the Dungeon.
You worshipped Xom.
You were a special plaything of Xom.
You were not hungry.

You visited 1 branch of the dungeon, and saw 3 of its levels.

You collected 131 gold pieces.

Inventory:

Jewellery
 k - a cursed ring of teleportation {unknown}
Scrolls
 b - 2 scrolls of fog {unknown}
 c - 3 scrolls of enchant weapon {unknown}
 e - 2 scrolls of remove curse {unknown}
 h - 5 scrolls of teleportation {unknown}
 n - a scroll of noise {unknown}
Potions
 d - a potion of flight {unknown}
 f - a potion of cancellation {unknown}
 g - a potion of berserk rage
 i - 2 potions of curing {unknown}
 m - a potion of lignification {unknown}
Books
 j - a book of Debilitation

   Spells                             Type                      Level
   a - Corona                         Hexes                        1
   b - Slow                           Hexes                        2
   c - Inner Flame                    Hexes/Fire                   3
   d - Portal Projectile              Hexes/Translocation          3
   e - Cause Fear                     Hexes                        4
   f - Leda's Liquefaction            Hexes/Earth                  4
Comestibles
 a - 4 rations


   Skills:
 - Level 3.0 Fighting
 + Level 5.7 Dodging
 + Level 4.6 Unarmed Combat


You had 3 spell levels left.
You didn't know any spells.

Dungeon Overview and Level Annotations

Branches:
Dungeon (3/15)

Altars:
Ashenzari
Nemelex Xobeh
Uskayaw
Xom


Innate Abilities, Weirdness & Mutations

You cannot wear armour.
You are incapable of wielding weapons or throwing items.
Your paws allow you to move quietly. (Stealth)
You have sharp claws.
You have razor-sharp teeth.
You have supernaturally acute eyesight. (SInv)
You are carnivorous and can eat meat at any time.
You cover ground quickly.
You are covered in fur. (AC +1)
You have a slow metabolism.
Your sharp claws are effective at attacking unaware monsters.
You have a pair of small horns on your head.
Your skin changes colour to match your surroundings (Stealth+).
Your flesh is heat resistant. (rF+)


Message History

The goblin unwields an uncursed hunting sling.
The goblin wields an uncursed dagger.
The goblin barely misses you.
You barely miss the goblin. You barely miss the goblin.
Your headbutt misses the goblin.
The goblin hits you with an uncursed dagger.
You closely miss the goblin. The goblin barely misses you.
You barely miss the goblin.
The goblin hits you with an uncursed dagger.
You scratch the goblin.
You kill the goblin!
You scratch the worm. You claw the worm.
The worm is moderately wounded.
The worm misses you.
A worker ant comes into view.
Items here: ( ) ††† a stone; a dagger; a frilled lizard corpse; a giant cockroach corpse an orc corpse
Okay, then.
Unknown command.
Are you sure you want to abandon this character and quit the game? (Confirm with "yes".)

≈P..<...#
#.............g..w
...##...#
#.................
#####...#
##.....<..........
#...#
##...)...........
#.$.#
###....#######..
#...# #.w(### ..
####.## #...#w# .#
.# #..###.# .# .#
... #@# # .# .#
#.# .#.# ##(# ...#
#..# #J.# #.##
#..# #. #... #.
#.####.#. ###. ..#
..# #.#. .?..
##..#


You could see 2 worms.

Vanquished Creatures
  An orc wizard (D:2)
  3 adders (D:2)
  An ooze (D:3)
  A worm (D:2)
  4 dart slugs
  8 orcs
  6 giant cockroaches
  9 goblins
  11 hobgoblins
  2 jackals (D:3)
  6 kobolds
  5 bats
  7 frilled lizards
  6 rats
  A plant (D:3)
71 creatures vanquished.

Vanquished Creatures (collateral kills)
  An orc wizard (D:2)
1 creature vanquished.

Grand Total: 72 creatures vanquished

Notes
Turn   | Place    | Note
-------+----------+-------------------------------------------
     0 | D:1      | wojtek the Felid Chaos Knight began the quest for the Orb.
     0 | D:1      | Reached XP level 1. HP: 10/10 MP: 2/2
   100 | D:1      | Reached XP level 2. HP: 11/14 MP: 3/3
   198 | D:1      | XOM: divination: detect creatures
   270 | D:1      | XOM: god gift: 35 gold pieces
   295 | D:1      | XOM: scenery: create altars
   543 | D:1      | Reached skill level 4 in Dodging
   636 | D:1      | Reached XP level 3. HP: 8/17 MP: 4/4
   867 | D:1      | XOM: blink monster(s)
  1095 | D:2      | Found a hide-covered altar of Uskayaw.
  1097 | D:2      | Found a sparkling altar of Nemelex Xobeh.
  1100 | D:2      | Found a shattered altar of Ashenzari.
  1696 | D:2      | Reached XP level 4. HP: 18/21 MP: 5/5
  1717 | D:2      | XOM: summons 4 friendly demons
  1729 | D:2      | Reached skill level 5 in Dodging
  1993 | D:2      | XOM: give mutations
  1993 | D:2      | Gained mutation: You have a pair of small horns on your head. [Xom's grace]
  1993 | D:2      | Gained mutation: Your skin changes colour to match your surroundings (Stealth+). [Xom's grace]
  2032 | D:2      | XOM: god gift: book of Debilitation
  2210 | D:2      | XOM: stat loss: -1 Int (13/14)
  2409 | D:2      | XOM: mild Air miscast
  2409 | D:2      | XOM: smoke on damage
  2513 | D:3      | Reached XP level 5. HP: 15/24 MP: 6/6
  2598 | D:3      | XOM is BORED!
  2598 | D:3      | XOM: give mutation
  2598 | D:3      | Gained mutation: Your flesh is heat resistant. (rF+) [Xom's mischief]
  2617 | D:3      | XOM: 6-stop teleportation journey
  2751 | D:3      | XOM: butterfly on damage
  2776 | D:3      | Killed from afar by an orc priest
  2777 | D:3      | Reached XP level 4. HP: -4/21 MP: 5/5
  2785 | D:3      | XOM: harmless Tloc miscast
  2805 | D:3      | Quit the game

Skill      XL: |  1  2  3  4 |
---------------+-------------+-----
Dodging        | 4 5 |  5.7
Unarmed Combat | 4 |  4.6
Fighting       | |  3.0

Action                   |  1- 3 |  4- 6 || total
-------------------------+-------+-------++-------
Melee: Unarmed           |   130 |   169 ||   299
       Bite              |    15 |    14 ||    29
       Punch             |     2 |     6 ||     8
       Headbutt          |       |    24 ||    24
  Use: Potion            |       |     1 ||     1
 Stab: Sleeping          |       |     3 ||     3
  Eat: Chunk             |     9 |     3 ||    12
Armor: Skin              |     2 |     2 ||     4
Dodge: Dodged            |   105 |    89 ||   194
